AoeStats
← iaa4e

Arena

508268876Analyzed
4v4 RM · 11d ago on Sep 21, 2026· 39m 54s· 8 players
Game mode
Random Map
Map size
Large (8 player)
Population
200
Speed
Normal
Resources
Standard
Victory
Conquest
Starting age
Dark Age
Ending age
Imperial Age
RankedLock teamsTeams togetherTeam positionsShared explorationLock speedFull tech treeHidden civsTurbo modeCheats
Victory
Defeat
🇺🇸 Turks · United States
1326
+14
🇪🇸 Berbers · Spain
1321
+14
🇨🇴 Mongols · Colombia
1296
+15
🇺🇸 Japanese · United States
1268
+17
🇨🇿 Bulgarians · Czechia
1342
-17
🇩🇪 Italians · Germany
1312
-16
🇨🇳 Persians · China
1248
-14
🇩🇪 Franks · Germany
1241
-13
Hero Unit
11:30 Feudal Age
12:35 Double-Bit Axe
12:42 Horse Collar
15:13 Loom
17:58 Castle Age
17:17 Stone Mining
17:20 Gold Mining
18:52 Wheelbarrow
18:44 Heavy Plow
18:56 Bow Saw
22:58 Hand Cart
26:41 Gold Shaft Mining
30:18 Imperial Age
27:45 Pikeman
28:26 Squires
28:27 Scale Mail Armor
28:38 Forging
30:02 Sanctity
29:54 Fervor
30:45 Iron Casting
30:32 Halberdier
31:34 Chain Mail Armor
32:48 Two-Man Saw
33:15 Plate Mail Armor
33:48 Kataparuto
33:49 Conscription
34:31 Blast Furnace
34:05 Fletching
34:36 Ballistics
35:40 Murder Holes
35:42 Capped Ram
38:12 Bodkin Arrow
38:22 Siege Engineers
39:22 Yasama
39:23 Bracer
39:14 Guard Tower
39:09 Arrowslits
40:25 Chemistry
41:00 Keep
AM | Rick2
9:42 Feudal Age
14:11 Castle Age
12:45 Double-Bit Axe
12:49 Loom
13:32 Horse Collar
15:48 Fletching
18:25 Bodkin Arrow
27:58 Wheelbarrow
31:31 Imperial Age
29:33 Bow Saw
29:46 Scale Mail Armor
29:56 Forging
30:56 Scale Mail Armor
31:06 Forging
30:18 Pikeman
31:00 Squires
30:46 Arson
32:02 Chain Mail Armor
33:11 Heavy Plow
33:39 Hand Cart
34:09 Plate Mail Armor
34:15 Iron Casting
35:46 Conscription
36:18 Conscription
37:00 Scale Barding Armor
37:57 Blast Furnace
36:20 Light Cavalry
37:10 Bloodlines
37:36 Gold Mining
38:19 Chain Barding Armor
38:58 Stone Mining
39:43 Gold Shaft Mining
40:18 Stone Shaft Mining
40:25 Bracer
40:26 Padded Archer Armor
Kyphosis
9:59 Feudal Age
13:53 Castle Age
12:05 Double-Bit Axe
13:18 Loom
15:59 Horse Collar
19:38 Fervor
25:04 Imperial Age
36:21 Padded Archer Armor
37:20 Leather Archer Armor
37:22 Bow Saw
38:38 Wheelbarrow
37:57 Gold Mining
39:14 Ring Archer Armor
atilaalmogaver
10:35 Feudal Age
15:36 Castle Age
13:59 Double-Bit Axe
14:34 Horse Collar
16:38 Heavy Plow
18:18 Loom
23:23 Gold Mining
24:45 Gold Shaft Mining
25:33 Wheelbarrow
24:49 Town Watch
28:37 Imperial Age
27:43 Fortified Wall
27:41 Scale Barding Armor
27:47 Forging
28:44 Bloodlines
28:35 Husbandry
29:24 Chain Barding Armor
28:43 Heavy Camel Rider
28:49 Heavy Camel Rider
30:09 Iron Casting
31:03 Plate Barding Armor
33:07 Chemistry
32:39 Conscription
33:10 Light Cavalry
34:08 Hussar
38:11 Murder Holes
38:37 Ballistics
38:28 Masonry
39:23 Blast Furnace
38:14 Fletching
M*rpheu$
12:16 Feudal Age
18:34 Castle Age
16:41 Horse Collar
16:54 Gold Mining
16:51 Double-Bit Axe
23:25 Imperial Age
21:35 Fletching
21:46 Padded Archer Armor
24:14 Wheelbarrow
26:14 Fortified Wall
27:38 Squires
31:34 Forging
31:24 Scale Mail Armor
maniak
10:25 Feudal Age
8:42 Loom
14:08 Castle Age
12:46 Double-Bit Axe
25:57 Imperial Age
23:59 Bow Saw
23:33 Horse Collar
23:59 Fletching
25:30 Heavy Plow
25:33 Bodkin Arrow
26:38 Bracer
29:26 Conscription
30:25 Elite Skirmisher
32:10 Ballistics
31:58 Padded Archer Armor
31:48 Pikeman
34:31 Scale Mail Armor
35:33 Chemistry
35:39 Squires
36:00 Halberdier
蝴蝶
9:43 Feudal Age
15:20 Castle Age
13:31 Double-Bit Axe
13:29 Horse Collar
16:49 Bow Saw
20:19 Wheelbarrow
20:26 Heavy Plow
22:05 Stone Mining
22:05 Gold Mining
23:22 Loom
25:18 Stone Shaft Mining
25:16 Hand Cart
24:53 Town Watch
29:01 Imperial Age
27:42 Gold Shaft Mining
28:39 Town Patrol
29:05 Scale Barding Armor
29:11 Forging
29:16 Husbandry
29:26 Bloodlines
28:41 Cavalier
28:57 Cavalier
30:20 Chain Barding Armor
30:36 Iron Casting
29:26 Light Cavalry
30:38 Conscription
30:12 Hussar
30:33 Savar
32:27 Hoardings
33:21 Plate Barding Armor
33:47 Blast Furnace
33:09 Fletching
33:20 Padded Archer Armor
33:01 Elite Skirmisher
33:49 Thumb Ring
36:29 Heavy Scorpion
38:18 Two-Man Saw
37:51 Crop Rotation
37:41 Masonry
37:27 Murder Holes
37:52 Ballistics
38:33 Chemistry
38:56 Guilds
39:17 Coinage
38:47 Caravan
40:31 Parthian Tactics
40:09 Scale Mail Armor
40:04 Bodkin Arrow
40:25 Leather Archer Armor
iaa4e
10:37 Feudal Age
14:38 Castle Age
12:41 Double-Bit Axe
21:25 Wheelbarrow
21:15 Bow Saw
22:08 Loom
23:07 Hand Cart
25:20 Gold Mining
25:23 Stone Mining
25:40 Scale Barding Armor
25:47 Forging
28:31 Imperial Age
26:50 Chain Barding Armor
27:32 Gold Shaft Mining
27:26 Husbandry
28:05 Iron Casting
28:18 Town Watch
28:58 Cavalier
30:16 Plate Barding Armor
30:41 Blast Furnace
31:02 Paladin
32:52 Chemistry
32:13 Ballistics
33:14 Town Patrol
37:18 Pikeman
37:58 Squires
39:10 Light Cavalry
Connection lost

Rejoining the realm…

Still unreachable

The connection could not be restored.

Session expired

The server has moved on; the page needs a fresh start.